 Dungeon Crawl Stone Soup version 0.26-a0-812-g31a745ddcd (webtiles) character file.

Game seed: 7576429765130482761

2124 kae the Insei (level 9, 0/65 HPs)
             Began as a Human Transmuter on Nov 25, 2020.
             Was an Initiate of Wu Jian.
             Slain by an orc priest
             ... wielding a +0 hand axe
              (3 damage)
             ... on level 7 of the Dungeon.
             The game lasted 00:06:23 (10049 turns).

kae the Insei (Human Transmuter)                   Turns: 10049, Time: 00:06:23

Health: 0/65       AC:  2    Str: 17    XL:     9   Next: 54%
Magic:  14/15      EV: 23    Int: 20    God:    Wu Jian [......]
Gold:   391        SH:  0    Dex: 19    Spells: 3/16 levels left

rFire    . . .     SeeInvis .     - Unarmed
rCold    . . .     Faith    .   (shield currently unavailable)
rNeg     . . .     Spirit   .   (armour currently unavailable)
rPois    x         Reflect  .   (helmet currently unavailable)
rElec    .         Harm     .   (cloak currently unavailable)
rCorr    .         Rampage  .   (gloves currently unavailable)
MR       .....                  (boots currently unavailable)
Stlth    ++........             (no amulet)
HPRegen  0.20/turn              c - +6 ring of strength
MPRegen  0.14/turn              o - +6 ring of intelligence

@: about to teleport, spider-form
A: tiny, blurry vision 1, weak 1
a: End Transformation, Renounce Religion


You were on level 7 of the Dungeon.
You worshipped Wu Jian.
Wu Jian was noncommittal.
You were a venomous arachnid creature.
You visited 2 branches of the dungeon, and saw 8 of its levels.
You also visited: Sewer.

You collected 391 gold pieces.

Inventory:

Armour
 a - a +0 robe
 l - a +0 cloak (melded)
 m - the +7 leather armour of Truth (melded) {Str+2 Slay+2}
   (You found it on level 4 of the Dungeon)

   It affects your strength (+2).
   It affects your accuracy and damage with ranged weapons and melee attacks
   (+2).
Jewellery
 c - a +6 ring of strength (left front leg)
 j - the ring of Difiesk {rC+ Stlth+}
   (You found it on level 5 of the Dungeon)

   [ring of protection from cold]

   It protects you from cold.
   It makes you more stealthy.
 o - a +6 ring of intelligence (right front leg)
 q - an uncursed amulet of guardian spirit {unknown}
Wands
 d - a wand of iceblast (10)
 f - a wand of enslavement (6)
Scrolls
 b - 3 scrolls of identify
 e - 2 scrolls of fog
 g - 2 scrolls of magic mapping
 k - 2 scrolls of immolation
 n - a scroll of teleportation
Potions
 i - 3 potions of flight
 p - 2 potions of cancellation
 r - a potion of brilliance


   Skills:
 + Level 4.0 Fighting
 - Level 3.0 Armour
 + Level 4.5 Dodging
 * Level 6.7 Unarmed Combat
 + Level 4.1 Spellcasting
 * Level 6.2 Transmutations
 - Level 3.0 Poison Magic


You had 3 spell levels left.
You knew the following spells:

 Your Spells              Type           Power        Failure   Level
a - Beastly Appendage     Tmut           ####..       5%          1
b - Spider Form           Tmut/Pois      ###.......   17%         3
c - Blade Hands           Tmut           ####......   47%         5
d - Ice Form              Ice/Tmut       ###.....     56%         4

Your spell library contained the following spells:

 Spells                   Type           Power        Failure   Level
 Wereblood                Tmut           ####....     7%          2
 Corona                   Hex            #......      30%         1
 Ensorcelled Hibernation  Hex/Ice        #.....       38%         2
 Confusing Touch          Hex            #.......     58%         3
 Dazzling Flash           Conj/Hex       #.....       58%         3
 Tukima's Dance           Hex            #.......     58%         3


Dungeon Overview and Level Annotations

Branches:
Dungeon (7/15)             Temple (1/1) D:4           Sewer (visited)

Altars:
Ashenzari
Cheibriados
Dithmenos
Elyvilon
Fedhas
Hepliaklqana
Kikubaaqudgha
Makhleb
Nemelex Xobeh
Okawaru
Ru
Trog
Uskayaw
Vehumet
Wu Jian
Xom
Yredelemnul
Zin
The Shining One
Lugonu

Portals:
Abyss: D:3

Annotations:
D:3 2 transporters, Nico3ck's ghost, amateur FoFi


Innate Abilities, Weirdness & Mutations

Scrolls take you a little longer to read.
((Your flesh is cold resistant. (rC+)))
You are weak. (Str -2)
((Your movements are slightly less encumbered by armour. (ER -2)))


Message History

You begin reading the scroll.
You continue reading the scroll.
You kill the orc wizard!
The Council accepts your kill.
As you read the scroll of teleportation, it crumbles to dust.
You feel strangely unstable.
You hit the orc priest.
The orc priest is poisoned.
The orc priest is moderately wounded.
The orc priest invokes the aid of Beogh against you.
Beogh smites you!
* * * LOW HITPOINT WARNING * * *
You completely miss the orc priest.
The orc priest is heavily wounded.
The orc priest completely misses you.
You barely miss the orc priest.
The orc priest is heavily wounded.
You hit the orc priest.
The orc priest looks as sick as possible!
The orc priest is almost dead.
The orc priest hits you with a +0 hand axe.
You die... ######### ooo.o.oo#

#o# #s#
#.# #.#
#.# #.#
#.# #.#
#.#
#######
#.# #.#
.)))..#
#.# #.#
.####.#
#.# #.#


You could see 2 orc priests and an orc.

Vanquished Creatures
  An orc warrior (D:7)
  3 phantoms
  3 ogres
  A centaur (D:5)
  2 bullfrogs
  2 scorpions
  A water moccasin skeleton (D:6)
  5 wights (D:6)
  A centaur zombie (D:7)
  3 hounds
  2 orc priests
  A gnoll shaman (D:4)
  2 bullfrog skeletons (D:6)
  5 orc wizards
  4 worker ants
  2 hound skeletons
  A howler monkey zombie (D:5)
  A worker ant zombie (D:6)
  4 gnolls (D:4)
  11 adders
  3 white imps
  14 oozes
  7 worms
  A dart slug (D:3)
  19 leopard geckos
  12 orcs
  15 ball pythons
  19 giant cockroaches
  6 goblins
  11 hobgoblins
  5 jackals
  9 kobolds
  2 quokkas
  6 bats
  9 frilled lizards
  A leopard gecko skeleton (D:5)
  6 rats
200 creatures vanquished.

Vanquished Creatures (others)
  15 plants
15 creatures vanquished.

Grand Total: 215 creatures vanquished

Notes
Turn   | Place    | Note
-------+----------+-------------------------------------------
     0 | D:1      | kae the Human Transmuter began the quest for the Orb.
     0 | D:1      | Reached XP level 1. HP: 15/15 MP: 3/3
   207 | D:1      | Reached XP level 2. HP: 18/21 MP: 3/5
   512 | D:1      | Reached XP level 3. HP: 26/26 MP: 4/6
  1705 | D:2      | Found a snail-covered altar of Cheibriados.
  1799 | D:2      | Reached XP level 4. HP: 16/32 MP: 7/7
  2135 | D:2      | Found a shadowy altar of Dithmenos.
  2322 | D:2      | Learned a level 3 spell: Spider Form
  2434 | D:2      | Reached XP level 5. HP: 19/38 MP: 6/8
  2988 | D:2      | Found a shimmering altar of Xom.
  3351 | D:3      | Found a transporter.
  3360 | D:3      | Found a transporter.
  3360 | D:3      | Found a one-way gate to the infinite horrors of the Abyss.
  3360 | D:3      | Noticed Nico3ck's ghost (amateur FoFi)
  3365 | D:3      | Noticed a small abomination
  3370 | D:3      | Reached skill level 1 in Poison Magic
  3540 | D:3      | Found a broken altar of Ashenzari.
  4409 | D:4      | Reached XP level 6. HP: 44/44 MP: 4/9
  4457 | D:4      | Got a spiked leather armour
  4468 | D:4      | Identified the +7 leather armour of Truth {Str+2 Slay+2}
                  | (You found it on level 4 of the Dungeon)
  4485 | D:4      | Found a staircase to the Ecumenical Temple.
  5087 | D:4      | Gained mutation: You are weak. (Str -2) [potion of
                  | mutation]
  5087 | D:4      | Gained mutation: Scrolls take you a little longer to read.
                  | [potion of mutation]
  5087 | D:4      | Gained mutation: Your movements are slightly less
                  | encumbered by armour. (ER -2) [potion of mutation]
  5087 | D:4      | Gained mutation: Your flesh is cold resistant. (rC+)
                  | [potion of mutation]
  5119 | D:4      | Reached XP level 7. HP: 4/50 MP: 9/11
  5591 | D:4      | Found a white marble altar of Elyvilon.
  5763 | D:4      | Reached skill level 1 in Armour
  5820 | D:4      | Found a hide-covered altar of Uskayaw.
  5842 | Temple   | Entered the Ecumenical Temple
  6015 | D:4      | Found a glowing golden altar of the Shining One.
  6276 | D:5      | Entered Level 5 of the Dungeon
  6310 | D:5      | Got a flickering jade ring
  6319 | D:5      | Identified the ring of Difiesk {rC+ Stlth+} (You found it
                  | on level 5 of the Dungeon)
  6654 | D:5      | Reached skill level 5 in Unarmed Combat
  6654 | D:5      | Reached XP level 8. HP: 41/57 MP: 9/12
  6782 | D:5      | Found a sparkling altar of Nemelex Xobeh.
  7026 | D:6      | Learned a level 5 spell: Blade Hands
  7031 | D:6      | Learned a level 4 spell: Ice Form
  7460 | D:6      | Found a glowing drain.
  7474 | Sewer    | Entered a sewer
  7672 | Sewer    | Reached skill level 5 in Transmutations
  8351 | D:6      | Found a hazy altar of Hepliaklqana.
  8430 | D:6      | Reached XP level 9. HP: 64/64 MP: 11/14
  9033 | D:6      | Found an ornate altar of the Wu Jian Council.
  9043 | D:6      | Became a worshipper of the Wu Jian Council
  9223 | D:7      | Found a blossoming altar of Fedhas.
  9758 | D:7      | Found a broken altar of Ashenzari.
  9791 | D:7      | Found a radiant altar of Vehumet.
 10046 | D:7      | HP: 2/65 [orc priest/divine providence (10)]
 10049 | D:7      | Slain by an orc priest

Illustrated notes

Levels and vault maps discovered:
D:1:      lemuel_arrival_behind_the_door_large, layout_rooms,
          serial_co_window_serial, co_window_of_opportunity_a,
          co_window_of_opportunity_a, co_window_corner_a, co_window_corner_a,
          co_window_paths_b, co_window_paths_c, co_window_corner_b,
          co_window_broadway_a, co_window_unsneaky_path_a, co_window_2corner,
          co_window_corner_ca, co_window_4corner_a, co_window_paths_d,
          glass_columns_c, glass_columns_c, glass_columns_a, glass_columns_b,
          serial_park_tiny_1
D:2:      layout_loops_ring, old_standard_altar, minitemple, serial_forest,
          infiniplex_forest_lined_2, infiniplex_forest_pool,
          infiniplex_forest_clump_small, infiniplex_forest_clump_tiny,
          infiniplex_forest_zigzag_2, infiniplex_forest_lined_3
D:3:      layout_loops_ring, lemuel_crystal_altar,
          gammafunk_ghost_abyssal_escape
D:4:      layout_rooms, eat_drink_and_be_merry_uskayaw, elyvilon_altar_4,
          tso_metal_star, minmay_temple_entry_tees, serial_forest,
          infiniplex_forest_clump_diagonal, infiniplex_forest_lined_room_,
          infiniplex_forest_clump_diagonal, infiniplex_forest_lined_corner,
          infiniplex_forest_clump_long, infiniplex_forest_straight_3,
          infiniplex_forest_fountain
D:5:      layout_rooms, nemelex_altar_shiori, chequers_garden
D:6:      layout_cave_pools, marbit_many_paths, lemuel_coloured_pillars_altar,
          portal_sewer_entry_d, dk_rats_in_the_wall
D:7:      layout_basic, nicolae_overflow_hidden_temple, basic_altar,
          evilmike_ruin_ashenzari
Temple:   corrupted_temple

Skill      XL: |  1  2  3  4  5  6  7  8  9 |
---------------+----------------------------+-----
Transmutations | 3 4 5 6 |  6.2
Unarmed Combat | 4 5 6 |  6.7
Poison Magic   | 1 2 3 |  3.0
Fighting       | 2 3 4 |  4.0
Dodging        | 3 4 |  4.5
Armour         | 1 2 3 |  3.0
Spellcasting   | 3 4 |  4.1

Action                   |  1- 3 |  4- 6 |  7- 9 || total
-------------------------+-------+-------+-------++-------
Melee: Unarmed           |   117 |   166 |   437 ||   720
       Kick              |    16 |    16 |    12 ||    44
       Headbutt          |     6 |    13 |    11 ||    30
       Punch             |     1 |     4 |     3 ||     8
 Cast: Beastly Appendage |    23 |    28 |     9 ||    60
       Spider Form       |       |     5 |    44 ||    49
Invok: Lunge             |       |       |     2 ||     2
  Use: Potion            |       |     6 |     2 ||     8
       Scroll            |       |       |    10 ||    10
 Stab: Invisible         |       |    11 |     1 ||    12
       Sleeping          |       |       |     3 ||     3
Armor: Robe              |    31 |     7 |       ||    38
       Leather armour    |       |    12 |    29 ||    41
       Skin              |       |     2 |    14 ||    16
Dodge: Dodged            |    97 |   139 |   378 ||   614

Table legend: (Time is in decaauts)
 A = Elapsed time spent in this place.
 B = Non-inter-level travel time spent in this place.
 C = Inter-level travel time spent in this place.
 D = Time resting spent in this place.
 E = Time spent auto-exploring this place.
 F = Levels seen in this place.
 G = Mean time per level.
                   A        B        C        D        E       F      G
               +--------+--------+--------+--------+--------+-----+--------+
         Total |  10028 |   9716 |    312 |    592 |   7487 |   9 | 1114.2 |
       Dungeon |   9107 |   8810 |    297 |    539 |   6972 |   7 | 1301.0 |
        Temple |     46 |     32 |     14 |      0 |     32 |   1 |   46.0 |
         Sewer |    874 |    874 |      0 |     52 |    482 |   1 |  874.0 |
               +--------+--------+--------+--------+--------+-----+--------+

Top non-repeatable levels by time:
     D:2: 1628 daAuts
     D:4: 1564 daAuts
     D:1: 1548 daAuts
     D:3: 1450 daAuts
     D:6: 1351 daAuts
   Sewer: 874 daAuts
     D:7: 825 daAuts
     D:5: 737 daAuts
  Temple: 46 daAuts
